HSSL
COWETA HS TIGERS @ DUBLIN JEROME HS CELTICS
04/12/2023
 
TOP OF THE 1ST
Coweta HS Tigers batting - Pitching for Dublin Jerome HS Celtics : RHP Howard Reynolds
Pitching: RHP Howard Reynolds
Batting: RHB Matt Vargas 0-0: SINGLE (Line Drive, 7LM)
Batting: LHB Jim Clemente Pickoff Throw to First - Out!
0-0: Swinging Strike
0-1: Swinging Strike
0-2: Foul Ball, location: 2F
0-2: Strikes out swinging
Batting: RHB José Cisneros 0-0: Ball
1-0: Swinging Strike
1-1: Ball
2-1: Ball
3-1: Base on Balls
Batting: RHB Pat Fernández 0-0: Ball
1-0: Called Strike
1-1: 2-RUN HOME RUN (Flyball, 7D), Distance : 396 ft
Batting: RHB Héctor Vázquez 0-0: Called Strike
0-1: Ground out 6-3 (Groundball, 6M)
Top of the 1st over - 2 run(s), 2 hit(s), 0 error(s), 0 left on base; Coweta HS 2 - Dublin Jerome HS 0
BOTTOM OF THE 1ST
Dublin Jerome HS Celtics batting - Pitching for Coweta HS Tigers : RHP Lawrence Bolton
Pitching: RHP Lawrence Bolton
Batting: RHB Chris Boone 0-0: Fly out, F9 (Flyball, 89M)
Batting: RHB Luis Árias 0-0: Ball
1-0: Ball
2-0: Ball
3-0: Base on Balls
Batting: RHB Mitchell Darragh 0-0: 2-RUN HOME RUN (Flyball, 9D), Distance : 397 ft
Batting: RHB Dylan Warren 0-0: Ball
1-0: Foul Ball, location: 2F
1-1: SINGLE (Groundball, 6M)
Batting: SHB Tim Mullen 0-0: Called Strike
0-1: Ball
1-1: Called Strike
1-2: Ball
2-2: Strikes out swinging
Batting: RHB Stan Crosby 0-0: Called Strike
0-1: Ball
1-1: Ball
2-1: Swinging Strike
2-2: Fly out, F4 (Popup, 4)
Bottom of the 1st over - 2 run(s), 2 hit(s), 0 error(s), 1 left on base; Coweta HS 2 - Dublin Jerome HS 2
TOP OF THE 2ND
Coweta HS Tigers batting - Pitching for Dublin Jerome HS Celtics : RHP Howard Reynolds
Batting: RHB Ramiro Javier 0-0: Swinging Strike
0-1: Foul Ball, location: 2F
0-2: Foul Ball, location: 2F
0-2: Fly out, F7 (Line Drive, 7S)
Batting: RHB Phil Shaw 0-0: Fly out, F7 (Flyball, 7M)
Batting: RHB Leonard Martínez 0-0: Ball
1-0: SINGLE (Line Drive, 56)
Batting: RHB Joe LaFontaine Error on foul ball, E9
0-1: Ball
1-1: Swinging Strike
1-2: SINGLE (Flyball, 8LS)
Leonard Martínez to second
Batting: RHB Matt Vargas 0-0: Fielders Choice at 2nd, U6 (Groundball, 6M)
Top of the 2nd over - 0 run(s), 2 hit(s), 1 error(s), 2 left on base; Coweta HS 2 - Dublin Jerome HS 2
BOTTOM OF THE 2ND
Dublin Jerome HS Celtics batting - Pitching for Coweta HS Tigers : RHP Lawrence Bolton
Batting: RHB Warren Owens 0-0: Ball
1-0: Ground out 4-3 (Groundball, 4)
Batting: LHB Ángel Santos 0-0: Called Strike
0-1: Ball
1-1: Ball
2-1: SINGLE (Line Drive, 78S)
Batting: SHB Mac Jones 0-0: Called Strike
0-1: Ball
1-1: Ball
2-1: Swinging Strike
2-2: Foul Ball, location: 2F
2-2: Ball
3-2: Foul Ball, location: 2F
3-2: Base on Balls
Ángel Santos to second
Batting: RHB Chris Boone 0-0: Called Strike
0-1: Ball
1-1: Ball
2-1: Ball
3-1: Base on Balls
Ángel Santos to third
Mac Jones to second
Batting: RHB Luis Árias 0-0: Ball
1-0: Swinging Strike
1-1: Ground out 4-3 (Groundball, 6M)
Ángel Santos scores
Mac Jones to third
Chris Boone to second
Batting: RHB Mitchell Darragh 0-0: Called Strike
0-1: Ball
1-1: Foul Ball, location: 2F
1-2: Foul Ball, location: 2F
1-2: Fly out, F6 (Popup, 56)
Bottom of the 2nd over - 1 run(s), 1 hit(s), 0 error(s), 2 left on base; Coweta HS 2 - Dublin Jerome HS 3
TOP OF THE 3RD
Coweta HS Tigers batting - Pitching for Dublin Jerome HS Celtics : RHP Howard Reynolds
Batting: LHB Jim Clemente 0-0: Ball
1-0: Ball
2-0: Ball
3-0: Called Strike
3-1: Base on Balls
Batting: RHB José Cisneros 0-0: Ball
1-0: Swinging Strike
1-1: Ball
2-1: Ball
3-1: Base on Balls
Jim Clemente to second
Batting: RHB Pat Fernández 0-0: Ball
1-0: Foul Ball, location: 2F
1-1: Swinging Strike
1-2: Strikes out looking
Batting: RHB Héctor Vázquez 0-0: Called Strike
0-1: SINGLE (Line Drive, 89S)
Jim Clemente to third
José Cisneros to second
Runner from 3rd tries for Home, SAFE, throw made home
Batting: RHB Ramiro Javier 0-0: Fly out, F8 (Flyball, 8RM)
Runner from 2nd tags up, SAFE at 3rd with throw
Batting: RHB Phil Shaw 0-0: Called Strike
0-1: Ball
1-1: Swinging Strike
1-2: Strikes out swinging
Top of the 3rd over - 1 run(s), 1 hit(s), 0 error(s), 2 left on base; Coweta HS 3 - Dublin Jerome HS 3
BOTTOM OF THE 3RD
Dublin Jerome HS Celtics batting - Pitching for Coweta HS Tigers : RHP Lawrence Bolton
Batting: RHB Dylan Warren 0-0: Foul Ball, location: 2F
0-1: Ground out 6-3 (Groundball, 6M)
Batting: SHB Tim Mullen 0-0: Fly out, F5 (Popup, 5F)
Batting: RHB Stan Crosby 0-0: Foul Ball, location: 2F
0-1: Swinging Strike
0-2: Ball
1-2: Strikes out swinging
Bottom of the 3rd over - 0 run(s), 0 hit(s), 0 error(s), 0 left on base; Coweta HS 3 - Dublin Jerome HS 3
TOP OF THE 4TH
Coweta HS Tigers batting - Pitching for Dublin Jerome HS Celtics : RHP Howard Reynolds
Batting: RHB Leonard Martínez 0-0: Ball
1-0: Ball
2-0: Ball
3-0: Base on Balls
Batting: RHB Joe LaFontaine 0-0: Ball
1-0: Ball
2-0: Called Strike
2-1: Fly out, F7 (Line Drive, 7M)
Batting: RHB Matt Vargas 0-0: Ground out 5-3 (Groundball, 5S)
Leonard Martínez to second
Batting: LHB Jim Clemente 0-0: Fly out, F8 (Flyball, 8LM)
Top of the 4th over - 0 run(s), 0 hit(s), 0 error(s), 1 left on base; Coweta HS 3 - Dublin Jerome HS 3
BOTTOM OF THE 4TH
Dublin Jerome HS Celtics batting - Pitching for Coweta HS Tigers : RHP Lawrence Bolton
Batting: RHB Warren Owens 0-0: Ground out 4-3 (Groundball, 4)
Batting: LHB Ángel Santos 0-0: Called Strike
0-1: Foul Ball, location: 2F
0-2: Ball
1-2: Ball
2-2: SINGLE (Line Drive, 34)
Batting: SHB Mac Jones 0-0: Called Strike
0-1: Ball
1-1: Foul Ball, location: 2F
1-2: Strikes out swinging
Batting: RHB Chris Boone 0-0: Called Strike
0-1: Ball
1-1: Ball
2-1: Ball
3-1: Base on Balls
Ángel Santos to second
Batting: RHB Luis Árias 0-0: Foul Ball, location: 2F
0-1: Ball
1-1: Ball
2-1: Foul Ball, location: 2F
2-2: Ball
3-2: Base on Balls
Ángel Santos to third
Chris Boone to second
Batting: RHB Mitchell Darragh 0-0: Swinging Strike
0-1: Ball
1-1: Foul Ball, location: 2F
1-2: SINGLE (Groundball, 15S) (infield hit)
Ángel Santos scores
Chris Boone to third
Luis Árias to second
Batting: RHB Dylan Warren 0-0: DOUBLE (Flyball, 89M)
Chris Boone scores
Luis Árias scores
Mitchell Darragh to third
Runner from 3rd tries for Home, SAFE, no throw or cutoff
Batting: SHB Tim Mullen 0-0: Ball
1-0: Swinging Strike
1-1: Called Strike
1-2: Ball
2-2: Ball
3-2: Base on Balls
Pitching: LHP Will Merritt
Batting: RHB Stan Crosby 0-0: Foul Ball, location: 2F
0-1: Ball
1-1: Called Strike
1-2: Strikes out swinging
Bottom of the 4th over - 4 run(s), 3 hit(s), 0 error(s), 2 left on base; Coweta HS 3 - Dublin Jerome HS 7
TOP OF THE 5TH
Coweta HS Tigers batting - Pitching for Dublin Jerome HS Celtics : RHP Howard Reynolds
Batting: RHB José Cisneros 0-0: Called Strike
0-1: Foul Ball, location: 2F
0-2: SOLO HOME RUN (Flyball, 78XD), Distance : 425 ft
Batting: RHB Pat Fernández 0-0: Called Strike
0-1: SINGLE (Flyball, 8RS)
Batting: RHB Héctor Vázquez 0-0: Called Strike
0-1: Swinging Strike
0-2: Foul Ball, location: 2F
0-2: Ball
1-2: Ball
2-2: Ball
3-2: Base on Balls
Pat Fernández to second
Batting: RHB Ramiro Javier 0-0: Ball
1-0: Ball
2-0: Ball
3-0: Called Strike
3-1: Base on Balls
Pat Fernández to third
Héctor Vázquez to second
Batting: RHB Phil Shaw 0-0: Called Strike
0-1: Ball
Wild Pitch!
Pat Fernández scores
Héctor Vázquez to third
Ramiro Javier to second
1-1: Ball
2-1: Fly out, F8 (Flyball, 8LD)
Runner from 3rd tags up, SCORES, no throw
Batting: RHB Leonard Martínez 0-0: Ball
1-0: DOUBLE (Line Drive, 7LM)
Ramiro Javier scores
Pitching: RHP Don Feightner
Batting: RHB Joe LaFontaine 0-0: Ground out 6-3 (Groundball, 6)
Batting: RHB Matt Vargas 0-0: Ball
1-0: Ball
2-0: Ball
3-0: Called Strike
3-1: Called Strike
3-2: Foul Ball, location: 2F
3-2: Fly out, F5 (Popup, 5F)
Top of the 5th over - 4 run(s), 3 hit(s), 0 error(s), 1 left on base; Coweta HS 7 - Dublin Jerome HS 7
BOTTOM OF THE 5TH
Dublin Jerome HS Celtics batting - Pitching for Coweta HS Tigers : LHP Will Merritt
Batting: RHB Warren Owens 0-0: Called Strike
0-1: Ball
1-1: Ball
2-1: Called Strike
2-2: Ball
3-2: Strikes out looking
Batting: LHB Ángel Santos 0-0: Ball
1-0: Called Strike
1-1: Ball
2-1: Foul Ball, location: 2F
2-2: Fly out, F7 (Flyball, 7D)
Batting: SHB Mac Jones 0-0: Called Strike
0-1: Ball
1-1: TRIPLE (Line Drive, 8LM)
Batting: RHB Chris Boone 0-0: Ball
1-0: Called Strike
1-1: Ball
2-1: Foul Ball, location: 2F
2-2: Ball
3-2: Fly out, F9 (Flyball, 89M)
Bottom of the 5th over - 0 run(s), 1 hit(s), 0 error(s), 1 left on base; Coweta HS 7 - Dublin Jerome HS 7
TOP OF THE 6TH
Coweta HS Tigers batting - Pitching for Dublin Jerome HS Celtics : RHP Don Feightner
Batting: LHB Jim Clemente 0-0: Ball
1-0: Ground out 4-3 (Groundball, 4)
Batting: RHB José Cisneros 0-0: Ball
1-0: Foul Ball, location: 2F
1-1: Foul Ball, location: 2F
1-2: Foul Ball, location: 2F
1-2: Foul Ball, location: 2F
1-2: Strikes out swinging
Batting: RHB Pat Fernández 0-0: Ground out 6-3 (Groundball, 6)
Top of the 6th over - 0 run(s), 0 hit(s), 0 error(s), 0 left on base; Coweta HS 7 - Dublin Jerome HS 7
BOTTOM OF THE 6TH
Dublin Jerome HS Celtics batting - Pitching for Coweta HS Tigers : LHP Will Merritt
Batting: RHB Luis Árias 0-0: Called Strike
0-1: Ball
1-1: Foul Ball, location: 2F
1-2: Ball
2-2: Foul Ball, location: 2F
2-2: Foul Ball, location: 2F
2-2: Strikes out looking
Batting: RHB Mitchell Darragh 0-0: Ball
1-0: Foul Ball, location: 2F
1-1: SINGLE (Line Drive, 7S)
Batting: RHB Dylan Warren 0-0: Ball
1-0: Foul Ball, location: 2F
1-1: Ball
2-1: Fly out, F9 (Flyball, 9S)
Batting: SHB Tim Mullen 0-0: Ball
1-0: Called Strike
1-1: Ball
2-1: Ball
3-1: Fly out, F7 (Flyball, 78S)
Bottom of the 6th over - 0 run(s), 1 hit(s), 0 error(s), 1 left on base; Coweta HS 7 - Dublin Jerome HS 7
TOP OF THE 7TH
Coweta HS Tigers batting - Pitching for Dublin Jerome HS Celtics : RHP Don Feightner
Batting: RHB Héctor Vázquez 0-0: Ball
1-0: Called Strike
1-1: Ground out 3-1 (Groundball, 34)
Pitching: LHP Jeffery Mitchell
Batting: RHB Ramiro Javier 0-0: Called Strike
0-1: Ball
1-1: Called Strike
1-2: Foul Ball, location: 2F
1-2: Foul Ball, location: 2F
1-2: Strikes out swinging
Batting: RHB Phil Shaw 0-0: Ball
1-0: Called Strike
1-1: Ball
2-1: SINGLE (Groundball, 56S)
Batting: RHB Leonard Martínez 0-0: Called Strike
0-1: Ball
1-1: Ball
2-1: Foul Ball, location: 2F
2-2: Strikes out swinging
Top of the 7th over - 0 run(s), 1 hit(s), 0 error(s), 1 left on base; Coweta HS 7 - Dublin Jerome HS 7
BOTTOM OF THE 7TH
Dublin Jerome HS Celtics batting - Pitching for Coweta HS Tigers : LHP Will Merritt
Pitching: LHP Eric Young
Batting: RHB Stan Crosby 0-0: Ball
1-0: Fly out, F8 (Flyball, 8RM)
Batting: RHB Warren Owens 0-0: Ball
1-0: Called Strike
1-1: Foul Ball, location: 2F
1-2: Foul Ball, location: 2F
1-2: Foul Ball, location: 2F
1-2: Ball
2-2: Ball
3-2: SOLO HOME RUN (Flyball, 7D), Distance : 397 ft
Batting: LHB Ángel Santos 0-0: Ball
1-0: SINGLE (Groundball, 4MD)
Batting: SHB Mac Jones 0-0: Fielders Choice at 2nd, 6-4 (Groundball, 6)
Batting: RHB Chris Boone 0-0: Ball
Throwing error on steal attempt, E2
Mac Jones to third
1-0: Ball
2-0: Swinging Strike
2-1: Ground out U3 (Groundball, 3)
Bottom of the 7th over - 1 run(s), 2 hit(s), 1 error(s), 1 left on base; Coweta HS 7 - Dublin Jerome HS 8
TOP OF THE 8TH
Coweta HS Tigers batting - Pitching for Dublin Jerome HS Celtics : LHP Jeffery Mitchell
Pitching: RHP Roger Coulombe
Batting: RHB Joe LaFontaine 0-0: Ball
1-0: Called Strike
1-1: Ground out 5-3 (Groundball, 56S)
Batting: RHB Matt Vargas 0-0: Called Strike
0-1: DOUBLE (Groundball, 5L)
Pitching: LHP Alan Stewart
Batting: LHB Jim Clemente 0-0: Swinging Strike
0-1: Ball
1-1: Swinging Strike
1-2: Foul Ball, location: 2F
1-2: Ball
2-2: Ball
3-2: Foul Ball, location: 2F
3-2: Base on Balls
Pitching: RHP Jonathan Nieves
Batting: RHB José Cisneros 0-0: Fielders Choice at 2nd, 6-4 (Groundball, 6M)
Matt Vargas to third
Batting: RHB Pat Fernández 0-0: Ball
1-0: Called Strike
1-1: Foul Ball, location: 2F
1-2: Strikes out swinging
Top of the 8th over - 0 run(s), 1 hit(s), 0 error(s), 2 left on base; Coweta HS 7 - Dublin Jerome HS 8
BOTTOM OF THE 8TH
Dublin Jerome HS Celtics batting - Pitching for Coweta HS Tigers : LHP Eric Young
Batting: RHB Luis Árias 0-0: Ball
1-0: SINGLE (Groundball, 56D)
Batting: RHB Mitchell Darragh 0-0: Called Strike
0-1: Ball
1-1: Called Strike
1-2: Foul Ball, location: 2F
1-2: Strikes out swinging
Batting: RHB Dylan Warren 0-0: Fly out, F9 (Flyball, 9M)
Batting: SHB Tim Mullen 0-0: SINGLE (Line Drive, 6)
Luis Árias to second
Batting: RHB Stan Crosby 0-0: Fly out, F6 (Popup, 5DF)
Bottom of the 8th over - 0 run(s), 2 hit(s), 0 error(s), 2 left on base; Coweta HS 7 - Dublin Jerome HS 8
TOP OF THE 9TH
Coweta HS Tigers batting - Pitching for Dublin Jerome HS Celtics : RHP Jonathan Nieves
Pitching: RHP Desi Morris
Batting: RHB Héctor Vázquez 0-0: Ball
1-0: Swinging Strike
1-1: Ball
2-1: Ball
3-1: Swinging Strike
3-2: Strikes out swinging
Batting: RHB Ramiro Javier 0-0: Called Strike
0-1: Ball
1-1: Ball
2-1: Ball
3-1: Base on Balls
Batting: RHB Phil Shaw 0-0: Ball
1-0: Ball
2-0: Fielders Choice at 2nd, 4-6 (Groundball, 4)
Pitching: LHP Pat Kirby
Batting: RHB Leonard Martínez 0-0: DOUBLE (Line Drive, 5L)
Phil Shaw to third
Batting: RHB Joe LaFontaine 0-0: Ball
1-0: Called Strike
1-1: Fly out, F7 (Flyball, 7S)
Top of the 9th over - 0 run(s), 1 hit(s), 0 error(s), 2 left on base; Coweta HS 7 - Dublin Jerome HS 8
This league is powered by Out of the Park Baseball, the baseball management simulation game for PC, Mac and Linux
Wednesday, December 2nd, 2015 - OOTP Baseball 16.8 Build 38